Map: Efflorescence LE

Players

qqq - Winner!

  • Race: Zerg Zerg
  • Spawn Location: 3:00

Massa - Winner!

  • Race: Terran Terran
  • League: Platinum
  • Spawn Location: 12:00

Sjera

  • Race: Terran Terran
  • League: Diamond
  • Spawn Location: 6:00

Christmas

  • Race: Zerg Zerg
  • League: Gold
  • Spawn Location: 9:00

VOD

Have the link to the VOD?

Description

Time

  • Played on: Nov. 6, 2020, 3:36 p.m.
  • Length: 7:09
Show
View Real Time Build Order
Export as new Build Order

qqq Zerg - Winner!

Build Orders: Hatch First 

Get SALT Encoding   

  12  0:00  Drone  
  13  0:08  Drone  
  14  0:39  Hatchery  
  14  0:41  Drone  
  14  0:53  Overlord  
  14  1:07  Extractor  
  14  1:10  Spawning Pool  
  12  1:12  Drone  
  13  1:22  Drone x2  
  14  1:27  Drone  
  15  1:39  Drone  
  16  1:45  Drone  
  17  1:52  Drone  
  18  2:01  Queen  
  18  2:02  Drone  
  18  2:05  Drone  
  22  2:15  Queen  
  22  2:20  Drone  
  25  2:25  Metabolic Boost  
  25  2:32  Overlord  
  25  2:35  Zergling x2  
  26  2:39  Drone  
  26  2:42  Drone  
  28  2:47  Overlord  
  28  2:56  Baneling Nest  
  28  2:57  Zergling x2  
  28  3:03  Overlord  
  28  3:11  Zergling x2  
  28  3:12  Drone x2  
  31  3:16  Zergling x2  
  31  3:17  Zergling x2  
  33  3:22  Zergling x2  
  34  3:27  Zergling x2  
  34  3:41  Zergling x2  
  34  3:42  Zergling x2  
  34  3:47  Baneling x5  
  34  3:51  Zergling x2  
  31  4:21  Zergling x6  
  31  4:22  Zergling x2  
  31  4:23  Zergling x8  
  36  4:45  Zergling x8  
  40  4:46  Zergling x6  
  43  4:53  Baneling x2  
  43  4:55  Lair  
  43  4:56  Overlord  
  43  5:09  Zergling x2  
  44  5:16  Hatchery  
  36  5:30  Zergling x12  
  36  5:31  Drone x4  
  36  5:32  Zergling x2  
  47  5:41  Zergling x2  
  41  6:16  Zergling x8  
  41  6:17  Zergling x2  
  45  6:27  Zergling x2  
  45  6:28  Zergling x2  
  45  6:29  Zergling x4  
  45  6:30  Drone  
  50  6:48  Zergling x8  
  50  6:49  Zergling x2  
  50  6:50  Zergling x6  
  58  6:58  Hatchery  
  57  7:06  Hatchery  
Show
View Real Time Build Order
Export as new Build Order

Massa Terran - Winner!

Build Orders:  

Get SALT Encoding   

  12  0:00  SCV  
  13  0:12  SCV  
  14  0:18  Supply Depot  
  14  0:24  SCV  
  15  0:36  Refinery  
  15  0:39  SCV  
  16  0:45  Barracks  
  16  0:53  Supply Depot  
  16  0:57  SCV  
  17  1:16  Barracks  
  17  1:26  Barracks  
  17  1:41  Reaper  
  17  1:45  Orbital Command  
  18  1:49  Supply Depot  
  18  2:03  Barracks Tech Lab  
  18  2:13  Marine x2  
  18  2:15  SCV  
  21  2:21  Marine  
  22  2:27  Stimpack  
  22  2:30  Marine  
  22  2:31  Marine  
  24  2:39  Marauder  
  24  2:42  SCV  
  27  2:48  Marine  
  27  2:49  Marine  
  29  2:58  SCV  
  30  3:01  Marauder  
  32  3:06  Marine  
  32  3:07  Marine  
  34  3:22  Marauder  
  34  3:24  Marine x2  
  29  3:42  Marine x2  
  31  3:52  Marauder  
  29  3:59  Marine  
  29  4:00  Marine  
  18  4:10  SCV  
  18  4:13  Marauder  
  21  4:17  Marine  
  21  4:18  Marine  
  21  4:23  SCV  
  24  4:24  Supply Depot  
  24  4:34  Marauder  
  24  4:35  SCV, Marine  
  24  4:36  Marine  
  28  4:47  SCV  
  29  4:54  Marine  
  29  4:55  Barracks Reactor  
  29  4:56  Marauder  
  32  5:12  Marine  
  33  5:17  Marauder  
  30  5:29  Marine  
  30  5:33  Marine x2  
  33  5:39  Marauder  
  35  5:47  Marine  
  31  6:00  Marauder  
  28  6:17  Marine x3  
  31  6:21  Marauder  
  33  6:35  Marine x3  
  33  6:37  SCV  
  37  6:43  Marauder  
  37  6:44  Supply Depot  
Show
View Real Time Build Order
Export as new Build Order

Sjera Terran 

Build Orders:  

Get SALT Encoding   

  12  0:00  SCV  
  13  0:13  SCV  
  14  0:19  Supply Depot  
  14  0:36  SCV  
  15  0:42  Barracks  
  15  0:53  SCV  
  16  1:05  SCV, Barracks  
  17  1:18  SCV  
  18  1:23  Barracks  
  18  1:37  Barracks  
  18  1:39  Orbital Command  
  18  1:42  Marine  
  19  1:57  Marine  
  19  2:01  Marine, Supply Depot  
  20  2:08  SCV  
  22  2:10  Marine  
  23  2:17  Supply Depot  
  23  2:22  Marine x2  
  25  2:28  Marine x2  
  27  2:34  Refinery  
  27  2:40  Marine x2  
  29  2:45  Marine  
  29  2:46  Marine  
  31  2:58  Marine x2  
  33  3:03  Marine  
  33  3:05  Marine  
  35  3:14  Barracks  
  35  3:15  Marine x2  
  37  3:21  Marine  
  38  3:41  Marine x4  
  36  3:58  Marine  
  36  3:59  Marine x3  
  30  4:12  Barracks Tech Lab  
  30  4:15  SCV  
  30  4:16  Factory, Marine  
  32  4:17  Marine x3  
  32  4:27  SCV  
  33  4:34  Marine  
  33  4:35  Marine x2  
  32  4:48  Marine x2  
  32  4:52  Marine x3  
  35  4:53  Stimpack  
  37  5:00  Refinery  
  36  5:07  Command Center  
  36  5:15  Marine  
  36  5:16  Marine x2  
  36  5:18  Factory Tech Lab, Marine  
  36  5:19  Marine  
  31  5:32  SCV  
  31  5:33  Marine x3  
  35  5:37  Marine x2  
  32  5:51  Marine x3  
  29  6:00  Siege Tank  
  29  6:05  Starport  
  29  6:15  Marine  
  26  6:33  Supply Depot x2  
  26  6:37  Engineering Bay  
Show
View Real Time Build Order
Export as new Build Order

Christmas Zerg 

Build Orders: Pool First 

Get SALT Encoding   

  12  0:01  Drone  
  13  0:08  Drone  
  14  0:27  Spawning Pool  
  13  0:30  Extractor  
  13  0:33  Drone  
  13  0:37  Drone  
  14  0:46  Overlord  
  14  0:54  Overlord  
  14  1:05  Drone  
  14  1:06  Drone  
  16  1:14  Queen  
  18  1:28  Drone  
  18  1:31  Zergling x2  
  20  1:39  Zergling x2  
  21  1:53  Zergling x2  
  22  1:59  Hatchery  
  21  2:02  Zergling x2  
  22  2:09  Metabolic Boost  
  22  2:19  Zergling x2  
  23  2:28  Baneling Nest  
  22  2:32  Drone  
  22  2:33  Drone  
  24  2:40  Zergling x4  
  26  2:46  Zergling x2  
  27  2:55  Zergling x2  
  28  3:00  Overlord  
  28  3:04  Overlord  
  28  3:12  Baneling x4  
  28  3:19  Zergling x4  
  24  3:43  Zergling x12  
  24  3:48  Baneling x2  
  28  3:57  Zergling x4  
  27  4:12  Zergling x4  
  29  4:25  Zergling x10  
  26  4:50  Lair  
  26  4:54  Extractor  
  26  4:58  Queen  
  27  5:06  Extractor  
  26  5:09  Extractor  
  23  5:22  Zergling x8  
  23  5:30  Zergling x8  
  26  5:49  Baneling x4  
  25  5:59  Drone  
  21  6:15  Zergling x6  
  22  6:20  Zergling x2  
  23  6:32  Zergling x2  
  24  6:33  Zergling x4  
  24  6:35  Baneling  
  24  6:36  Baneling  
  24  6:39  Baneling  
  25  6:47  Zergling x4  
Tags
 
Add a new tag
Caveats
  • Supply blocks, unpowered buildings, or Contaminate may cause inaccurate times.
  • Supply counts are checked every 10 seconds.